 Dungeon Crawl Stone Soup version 0.28-a0-1344-g6b9ff3a05d (webtiles) character file.

Game seed: 6201108021836313469

98415 PlayingRandomsOnly the Blocker (level 16, -4/108 HPs)
             Began as an Octopode Gladiator on Dec 27, 2021.
             Was a High Priest of Fedhas.
             Slain by a golden dragon simulacrum (17 damage)
             ... summoned by an orange crystal statue
             ... in an ice cave on Dec 29, 2021.
             The game lasted 03:50:11 (30016 turns).

PlayingRandomsOnly the Blocker (OpGl)              Turns: 30016, Time: 03:50:11

Health: -4/108     AC:  4    Str: 22      XL:     16   Next: 22%
Magic:  11/23      EV: 20    Int: 14 (17) God:    Fedhas [*****.]
Gold:   1794       SH: 30    Dex: 28      Spells: 8/25 levels left

rFire   + . .      SeeInvis +   h - +6 trident (freeze)
rCold   + + .      Faith    .   l - +3 tower shield
rNeg    . . .      Spirit   .   x - +3 hat of Objectivity {Contam Regen+ Str+7}
rPois   +          Reflect  +   G - amulet of reflection
rElec   .          Harm     .   B - ring of wizardry
rCorr   +          Rampage  .   I - ring of resist corrosion
Will    ++...                   K - ring of poison resistance
Stlth   ++++++....              M - +6 ring of intelligence
HPRegen 1.08/turn               U - +4 ring of slaying
MPRegen 0.18/turn               W - ring of protection from fire
                                H - +6 ring of dexterity
                                Y - ring "Atseusom" {*Corrode rC++ Will+ Dex+3 SInv}

@: no status effects
A: almost no armour, amphibious, 8 rings, camouflage 1, gelatinous body 1,
(nimble swimmer 1), tentacles
a: Renounce Religion, Wall of Briars, Grow Ballistomycete, Overgrow, Grow Oklob


You were in an ice cave.
You worshipped Fedhas.
Fedhas was extremely pleased with you.
You visited 5 branches of the dungeon, and saw 25 of its levels.
You also visited: Sewer, Gauntlet and Ice Cave.

You collected 2371 gold pieces.
You spent 577 gold pieces at shops.

Inventory:

Hand Weapons
 a - the +6 spear of Ecyjyti {pain, rC- rN++ Str+3 Dex+3}
   (You found it on level 6 of the Dungeon)

   In the hands of one skilled in necromantic magic, it inflicts extra damage on
   living creatures.
   Str:       It affects your strength (+3).
   Dex:       It affects your dexterity (+3).
   rC:        It makes you vulnerable to cold.
   rN:        It greatly protects you from negative energy.
 h - a +6 trident of freezing (weapon)
Missiles
 c - 5 throwing nets
 d - 96 poisoned darts (quivered)
 q - 11 javelins
Armour
 l - a +3 tower shield (worn)
 x - the +3 hat of Objectivity (worn) {Contam Regen+ Str+7}
   (You acquired it on level 2 of the Lair of Beasts)

   Str:       It affects your strength (+7).
   Contam:    It causes magical contamination when unequipped.
   Regen:     It increases your rate of health regeneration.
Magical Staves
 R - a staff of cold
Jewellery
 s - the ring of Zywokumi {Fly rC- rN+++ rCorr Dex-3}
   (You found it in a Gauntlet)

   [ring of flight]

   Dex:       It affects your dexterity (-3).
   rC:        It makes you vulnerable to cold.
   rN:        It renders you almost immune to negative energy.
   Fly:       It grants you flight.
   rCorr:     It protects you from acid and corrosion.
 B - a ring of wizardry (left tentacle)
 G - an amulet of reflection (around mantle)
 H - a +6 ring of dexterity (on tentacle)
 I - a ring of resist corrosion (right tentacle)
 K - a ring of poison resistance (on tentacle)
 M - a +6 ring of intelligence (on tentacle)
 U - a +4 ring of slaying (on tentacle)
 W - a ring of protection from fire (on tentacle)
 Y - the ring "Atseusom" (on tentacle) {*Corrode rC++ Will+ Dex+3 SInv}
   (You found it in a Gauntlet)

   [ring of see invisible]

   Dex:       It affects your dexterity (+3).
   rC:        It greatly protects you from cold.
   SInv:      It lets you see invisible.
   *Corrode:  It may corrode you when you take damage.
   Will:      It increases your willpower.
Wands
 g - a wand of iceblast (3)
 v - a wand of paralysis (5)
 w - a wand of polymorph (12)
 F - a wand of charming (11)
 Q - a wand of acid (7)
Scrolls
 f - 2 scrolls of magic mapping
 k - 17 scrolls of teleportation
 m - a scroll of holy word
 n - 3 scrolls of blinking
 p - 3 scrolls of fear
 t - a scroll of torment
 y - a scroll of immolation
 z - 2 scrolls of vulnerability
 L - a scroll of enchant weapon
 P - 9 scrolls of fog
 T - a scroll of silence
 V - a scroll of amnesia
Potions
 b - 2 potions of heal wounds
 e - 5 potions of mutation
 i - 2 potions of berserk rage
 o - a potion of might
 r - 7 potions of magic
 u - 2 potions of attraction
 A - 3 potions of lignification
 D - 2 potions of invisibility
 E - 3 potions of curing
 J - 2 potions of ambrosia
 N - a potion of brilliance
 Z - 2 potions of haste
Miscellaneous
 j - a phial of floods
 C - a phantom mirror (inert)
 O - a box of beasts (inert)
 S - a tin of tremorstones (2/2)


   Skills:
 - Level 9.5 Fighting
 - Level 13.6 Polearms
 - Level 4.2 Throwing
 - Level 9.6 Dodging
 - Level 8.7 Stealth
 + Level 14.0 Shields
 - Level 5.2 Spellcasting
 * Level 11.5 Ice Magic
 - Level 9.3 Invocations
 - Level 5.0 Evocations


You had 8 spell levels left.
You knew the following spells:

 Your Spells              Type           Power      Damage    Failure   Level
a - Teleport Other        Tloc           3%         N/A       61%         3
b - Ozocubu's Armour      Ice            36%        N/A       1%          3
c - Ozocubu's Refrigerat  Ice            18%        4d8       87%         7
d - Passage of Golubria   Tloc           3%         N/A       93%         4

Your spell library contained the following spells:

 Spells                   Type           Power      Damage    Failure   Level
 Animate Skeleton         Necr           6%         N/A       26%         1
 Apportation              Tloc           6%         N/A       26%         1
 Beastly Appendage        Tmut           6%         N/A       26%         1
 Sandblast                Erth           6%         2d5       26%         1
 Slow                     Hex            12%        N/A       26%         1
 Summon Small Mammal      Summ           12%        N/A       26%         1
 Passwall                 Tmut/Erth      2%         N/A       38%         2
 Wereblood                Tmut           3%         N/A       38%         2
 Call Canine Familiar     Summ           3%         N/A       61%         3
 Dazzling Flash           Conj/Hex       6%         N/A       61%         3
 Gell's Gravitas          Tloc           3%         N/A       61%         3
 Portal Projectile        Hex/Tloc       6%         N/A       61%         3
 Spider Form              Tmut/Pois      3%         N/A       61%         3
 Stone Arrow              Conj/Erth      6%         3d7       61%         3
 Summon Guardian Golem    Hex/Summ       3%         N/A       61%         3
 Tukima's Dance           Hex            3%         N/A       61%         3
 Airstrike                Air            1%         N/A       93%         4
 Leda's Liquefaction      Hex/Erth       1%         N/A       93%         4
 Summon Lightning Spire   Summ/Air       3%         N/A       93%         4
 Fireball                 Conj/Fire      1%         3d3       99%         5
 Lee's Rapid Deconstruct  Erth           1%         3d5*      99%         5
 Lightning Bolt           Conj/Air       1%         1d12      99%         5
 Yara's Violent Unravell  Hex/Tmut       1%         3d3       99%         5
 Dispersal                Tloc           1%         N/A       100%        6
 Starburst                Conj/Fire      1%         6d3       100%        6
 Statue Form              Tmut/Erth      2%         N/A       100%        6
 Borgnjor's Revivificati  Necr           1%         N/A       100%        8
 Discord                  Hex            1%         N/A       100%        8
 Ignition                 Fire           1%         3d3       100%        8
 Necromutation            Tmut/Necr      1%         N/A       100%        8
 Death's Door             Necr           1%         N/A       100%        9


Dungeon Overview and Level Annotations

Branches:
Dungeon (14/15)            Temple (1/1) D:4            Lair (6/6) D:10
  Swamp (2/4) Lair:3       Spider (0/4) Lair:2        Slime (0/5) Lair:6
    Orc (2/2) D:12            Elf (0/3) Orc:2        Vaults (0/5) D:14
  Sewer (visited)           IceCv (1/1)             Gauntlet (visited)

Altars:
Ashenzari
Cheibriados
Dithmenos
Elyvilon
Fedhas
Gozag
Hepliaklqana
Kikubaaqudgha
Makhleb
Nemelex Xobeh
Okawaru
Qazlal
Ru
Sif Muna
Trog
Uskayaw
Vehumet
Wu Jian
Xom
Yredelemnul
Zin
The Shining One
Beogh

Shops:
D:10 (   D:11 ?   Orc:1 ?   Orc:2 *((?=

Annotations:
D:14 Rupert IceCv exclusion: 2 orange crystal statues


Innate Abilities, Weirdness & Mutations

You cannot wear most types of armour.
You are amphibious.
You can wear up to eight rings at the same time.
Your skin changes colour to match your surroundings (Stealth+).
Your rubbery body absorbs attacks. (AC +1, EV +1)
((You are camouflaged when in or above water. (Stealth+)))
You have tentacles for arms and can constrict up to eight enemies at once.


Message History

You hit the dire elephant simulacrum.
The dire elephant simulacrum is heavily damaged.
You block the dire elephant simulacrum's attack.
The dire elephant simulacrum trunk-slaps you.
The dire elephant simulacrum freezes you!
You resist.
* * * LOW HITPOINT WARNING * * *
You puncture the dire elephant simulacrum!
You squeeze the dire elephant simulacrum.
The dire elephant simulacrum is almost destroyed.
You block the golden dragon simulacrum's attack. x3
The dire elephant simulacrum barely misses you.
The dire elephant simulacrum completely misses you.
Press: ? - help, v - describe, . - travel
Here: a golden dragon simulacrum (summoned)
The floor.
You puncture the dire elephant simulacrum!
The dire elephant simulacrum vaporises!
You block the golden dragon simulacrum's attack.
The golden dragon simulacrum closely misses you.
You block the golden dragon simulacrum's attack.
You puncture the golden dragon simulacrum!
You squeeze the golden dragon simulacrum!
The golden dragon simulacrum is heavily damaged.
You puncture the golden dragon simulacrum!
The golden dragon simulacrum is severely damaged.
The golden dragon simulacrum barely misses you.
You block the golden dragon simulacrum's attack.
The golden dragon simulacrum tramples you!
* * * LOW HITPOINT WARNING * * *
You stumble backwards!
You puncture the golden dragon simulacrum!
You squeeze the golden dragon simulacrum.
The golden dragon simulacrum is almost destroyed.
The golden dragon simulacrum bites you!
* * * LOW HITPOINT WARNING * * *
The golden dragon simulacrum freezes you!
You resist.
You die...
Fedhas appreciates your contribution to the ecosystem.

######### #######
(.#([)..## ##.....#
..#:.....###......#
..#.......#.......#
.............∩..∩.#
..#.......#P....Z.#
..#......###....@.#
(8#[....## ##.....#
######### #######


You could see a golden dragon simulacrum (summoned, ally target).

Vanquished Creatures
  Jorgrun (Orc:1)
  An orc warlord (Orc:1)
  A very ugly thing (IceCv)
  The ghost of Anuhiqid the Protected, a journeyman TeBe of Trog (Orc:1)
  2 eleionomae
  A minotaur (Gauntlet)
  An entropy weaver (Gauntlet)
  2 bunyips
  A fire dragon (Lair:5)
  6 hydras
  2 boulder beetles
  3 catoblepae (Lair:6)
  3 ogre magi (Orc:2)
  6 two-headed ogres
  8 death yaks
  5 centaur warriors
  An alligator (Swamp:1)
  A tengu warrior (D:13)
  An orc high priest (Orc:2)
  Nergalle (Orc:2)
  2 spriggans (Swamp:1)
  2 goliath frogs
  The ghost of ChaosChampion the Thaumaturge, a novice DECj of Vehumet (D:9)
  5 swamp dragons
  A bog body (Swamp:1)
  2 ugly things
  A deep elf pyromancer (D:12)
  2 lindwurms
  2 orc knights (Orc:1)
  7 orc sorcerers
  3 manticores
  2 cyclopes
  4 elephants
  3 black mambas
  Joseph (D:8)
  Maggie (D:8)
  3 kobold demonologists
  A torpor snail (Lair:3)
  10 rime drakes
  11 cane toads
  10 komodo dragons
  A tengu conjurer (D:13)
  4 freezing wraiths
  An anaconda simulacrum (IceCv)
  A golden dragon simulacrum (IceCv)
  A bloated husk (Swamp:2)
  5 trolls
  A polar bear (Lair:6)
  3 meliai (Gauntlet)
  4 hornets
  A tyrant leech (Swamp:1)
  6 dream sheep (Lair:3)
  22 blink frogs
  11 slime creatures
  A meliai zombie (D:10)
  Sigmund (D:2)
  4 jumping spiders
  A dire elephant simulacrum (IceCv)
  A fire bat (shapeshifter) (D:9)
  2 wraiths
  A shadow (D:7)
  60 yaks
  2 wyverns
  7 basilisks
  2 redbacks
  10 steam dragons
  7 wargs
  5 vampire mosquitoes
  A harpy simulacrum (IceCv)
  Edmund (D:4)
  6 swamp worms (Swamp:1)
  11 water moccasins
  3 black bears
  A sky beast (D:7)
  2 ettin simulacra (IceCv)
  5 swamp drakes
  A necrophage (D:4)
  26 orc warriors
  An ice beast (D:10)
  A blink frog zombie (D:9)
  A black bear (shapeshifter) (D:13)
  8 ogres
  2 alligator simulacra (IceCv)
  22 wolves
  5 centaurs
  2 phantoms
  5 kobold brigands
  23 bullfrogs
  A wyvern zombie (D:9)
  3 gnoll sergeants
  5 scorpions
  2 water moccasin skeletons (D:5)
  4 lindwurm simulacra (IceCv)
  7 killer bees
  15 wights
  4 howler monkeys
  5 electric eels
  7 centaur zombies
  6 hounds
  4 jellies
  8 orc priests
  A centaur skeleton (D:7)
  3 iguanas
  A scorpion zombie (D:5)
  31 orc wizards
  4 hell rats (Lair:5)
  2 killer bee zombies
  A hound skeleton (D:4)
  2 howler monkey zombies
  9 gnolls
  12 adders
  A howler monkey skeleton (D:5)
  3 river rats (Sewer)
  2 white imps
  An ufetubus (D:6)
  An adder skeleton (D:5)
  3 worms
  3 dart slugs
  69 orcs
  9 endoplasms
  8 giant cockroaches
  9 goblins
  10 hobgoblins
  4 jackals
  20 kobolds
  4 quokkas
  13 ball pythons
  10 bats
  7 frilled lizards
  A quokka zombie (D:4)
  8 rats
  A rat zombie (D:4)
  A ballistomycete spore (Orc:2)
  A butterfly (D:4)
740 creatures vanquished.

Vanquished Creatures (collateral kills)
  A hydra (Lair:6)
  2 orc sorcerers (Orc:2)
  A blink frog (Lair:3)
  A hydra simulacrum (IceCv)
  A kobold brigand (D:9)
  3 killer bees
  A wight (D:8)
  3 orc wizards (Orc:2)
  A gnoll (Orc:2)
  3 orcs (Orc:2)
  3 kobolds (D:9)
  119 ballistomycete spores
139 creatures vanquished.

Vanquished Creatures (others)
  2 bloated husks (Swamp:1)
  An acid dragon (D:9)
  A swamp drake (Swamp:1)
  12 ballistomycete spores
  3 bushes
  52 fungi
  116 plants
187 creatures vanquished.

Grand Total: 1066 creatures vanquished

Notes
Turn   | Place    | Note
-------+----------+-------------------------------------------
     0 | D:1      | PlayingRandomsOnly the Octopode Gladiator began the quest
                  | for the Orb.
     0 | D:1      | Reached XP level 1. HP: 14/14 MP: 1/1
    41 | D:1      | Reached skill level 1 in Stealth
    65 | D:1      | Reached XP level 2. HP: 19/19 MP: 2/2
   408 | D:2      | Noticed Sigmund
   642 | D:2      | Reached XP level 3. HP: 24/24 MP: 3/3
  1252 | D:2      | Reached XP level 4. HP: 29/29 MP: 4/4
  1907 | D:4      | Reached XP level 5. HP: 23/34 MP: 5/5
  1945 | D:4      | Found a glowing silver altar of Zin.
  1987 | D:4      | Found a glowing drain.
  2008 | Sewer    | Entered a sewer
  2138 | Sewer    | Reached skill level 5 in Polearms
  2827 | D:3      | Learned a level 3 spell: Teleport Other
  3010 | D:3      | Found a radiant altar of Vehumet.
  3053 | D:3      | Reached XP level 6. HP: 37/39 MP: 6/6
  3865 | D:4      | Found a staircase to the Ecumenical Temple.
  3877 | Temple   | Entered the Ecumenical Temple
  4116 | Temple   | Became a worshipper of Fedhas Madash
  4304 | D:4      | Reached XP level 7. HP: 40/45 MP: 7/7
  4655 | D:4      | Found a burning altar of Makhleb.
  4705 | D:4      | Reached skill level 1 in Shields
  4857 | D:4      | Reached skill level 2 in Shields
  4996 | D:4      | Noticed Edmund
  5096 | D:4      | Killed Edmund
  5097 | D:4      | Reached XP level 8. HP: 50/50 MP: 8/8
  5330 | D:4      | Found a hazy altar of Hepliaklqana.
  5331 | D:4      | Found a faded altar of an unknown god.
  5392 | D:5      | Entered Level 5 of the Dungeon
  5454 | D:4      | Reached skill level 3 in Shields
  5841 | D:5      | Reached * piety under Fedhas
  5842 | D:5      | Reached skill level 4 in Shields
  6202 | D:5      | Found a basalt altar of Yredelemnul.
  6236 | D:5      | You fall into a shaft and drop 3 floors!
  6272 | D:8      | Noticed Maggie
  6320 | D:6      | Found a shadowy altar of Dithmenos.
  6439 | D:6      | Found an ornate altar of the Wu Jian Council.
  7167 | D:5      | Reached skill level 5 in Shields
  7472 | D:6      | Reached skill level 6 in Shields
  7472 | D:6      | Reached XP level 9. HP: 49/54 MP: 9/9
  8051 | D:6      | Identified the +6 spear of Ecyjyti {pain, rC- rN++ Str+3
                  | Dex+3}
  8320 | D:6      | Reached skill level 7 in Shields
  9057 | D:7      | Reached ** piety under Fedhas
  9107 | D:7      | Reached skill level 5 in Stealth
  9375 | D:7      | Reached skill level 10 in Polearms
  9561 | D:7      | Reached skill level 1 in Invocations
 10161 | D:2      | Killed Sigmund
 10162 | D:2      | Reached XP level 10. HP: 52/63 MP: 11/11
 10463 | D:8      | Found a sparkling altar of Nemelex Xobeh.
 10485 | D:8      | Found a transporter.
 10488 | D:8      | Found a transporter.
 10493 | D:8      | Found a transporter.
 10493 | D:8      | Found a transporter.
 10495 | D:8      | Found a transporter.
 10495 | D:8      | Found a transporter.
 10678 | D:8      | Found a stormy altar of Qazlal.
 10752 | D:9      | Noticed a two-headed ogre
 10950 | D:8      | Noticed Joseph
 11365 | D:9      | Noticed a boulder beetle
 11370 | D:9      | Noticed a guardian serpent
 11370 | D:9      | a spriggan changed into a guardian serpent
 11520 | D:9      | Noticed a two-headed ogre
 11594 | D:9      | Identified the +1 leather armour of the Imp {Contam rPois
                  | Will+++ Stlth+}
 11600 | D:9      | Noticed a two-headed ogre
 11951 | D:9      | Killed a two-headed ogre
 11993 | D:9      | Found a runed translucent gate.
 11993 | D:9      | Found a runed translucent gate.
 11995 | D:9      | Found a runed translucent gate.
 11996 | D:9      | Noticed ChaosChampion's ghost (novice DECj)
 11998 | D:9      | Noticed a ten-headed hydra
 12057 | D:9      | Reached skill level 5 in Fighting
 12165 | D:9      | Killed a two-headed ogre
 12318 | D:9      | Found a glowing golden altar of the Shining One.
 12441 | D:9      | Reached XP level 11. HP: 68/71 MP: 14/14
 12706 | D:9      | Killed a two-headed ogre
 13098 | D:9      | Found an opulent altar of Gozag.
 13176 | D:9      | Killed a boulder beetle
 13177 | D:9      | Reached skill level 5 in Dodging
 13258 | D:9      | Found a bloodstained altar of Trog.
 14043 | D:9      | Got the Catalogue of Bewitchment
 14132 | D:9      | Noticed an eight-headed hydra
 14132 | D:9      | Noticed a centaur warrior
 14371 | D:9      | Killed a centaur warrior
 14704 | D:9      | Found the +9 heavy crossbow "Sniper" {vorpal, Acc+∞ SInv}
 14713 | D:9      | Learned a level 3 spell: Ozocubu's Armour
 14789 | D:10     | Entered Level 10 of the Dungeon
 14971 | D:10     | Noticed Maurice
 15021 | D:10     | Noticed Maurice
 15021 | D:10     | Maurice changed into Maurice the ice beast
 15033 | D:10     | Killed Maurice the ice beast
 15040 | D:10     | Found a staircase to the Lair.
 15138 | D:10     | Reached *** piety under Fedhas
 15151 | D:10     | Reached skill level 1 in Ice Magic
 15662 | D:10     | Noticed an oklob plant
 15755 | D:10     | Got Sif Muna's Compendium of Nature
 16018 | D:10     | Found Ytatiog's Antique Weapon Boutique.
 16062 | D:10     | Found a hide-covered altar of Uskayaw.
 16401 | Lair:1   | Entered Level 1 of the Lair of Beasts
 16451 | Lair:1   | Reached skill level 5 in Invocations
 16451 | Lair:1   | Reached XP level 12. HP: 65/77 MP: 13/15
 16662 | Lair:1   | Reached skill level 5 in Ice Magic
 16711 | Lair:1   | You fall into a shaft and drop 1 floor!
 16718 | Lair:2   | Noticed a five-headed hydra
 16757 | Lair:2   | Killed a five-headed hydra
 16820 | Lair:2   | Found a gate leading to a gauntlet.
 16853 | Gauntlet | Entered a Gauntlet
 16853 | Gauntlet | Found a transporter.
 16859 | Gauntlet | Noticed an entropy weaver
 16862 | Gauntlet | Found a transporter.
 16864 | Gauntlet | Found a transporter.
 16864 | Gauntlet | Found a transporter.
 16867 | Gauntlet | Found a transporter.
 16868 | Gauntlet | Found a transporter.
 16898 | Gauntlet | Noticed a thrashing horror
 16903 | Gauntlet | Found a transporter.
 16923 | Gauntlet | Found a transporter.
 16936 | Gauntlet | Found a transporter.
 16953 | Gauntlet | Found a transporter.
 16957 | Gauntlet | Found a transporter.
 16965 | Gauntlet | Found a transporter.
 17068 | Gauntlet | Killed an entropy weaver
 17327 | Gauntlet | Identified the +0 hat "Otzynnei" {Harm rElec rPois Str-3}
 17332 | Gauntlet | Identified the ring "Atseusom" {*Corrode rC++ Will+ Dex+3
                  | SInv}
 17365 | Gauntlet | Identified the +1 shortbow "Moaps" {vorpal, Fragile rElec
                  | Int+4}
 17366 | Gauntlet | Identified the ring of Zywokumi {Fly rC- rN+++ rCorr Dex-3}
 17378 | Gauntlet | Noticed a minotaur
 17406 | Gauntlet | Killed a minotaur
 17724 | Lair:2   | Found a hole to the Spider Nest.
 17816 | Lair:2   | Noticed a four-headed hydra
 17849 | Lair:2   | Killed a four-headed hydra
 17850 | Lair:2   | Reached skill level 8 in Shields
 18438 | Lair:2   | Identified a scroll of acquirement
 18438 | Lair:2   | Acquired the +3 hat of Objectivity {Contam Regen+ Str+7}
 18700 | Lair:1   | Identified the +1 robe of Ihexoz {rPois rC+}
 19258 | Lair:3   | Reached XP level 13. HP: 70/86 MP: 18/18
 19332 | Lair:3   | Reached skill level 9 in Shields
 19512 | Lair:3   | Found a staircase to the Swamp.
 19810 | D:9      | Killed ChaosChampion's ghost
 19892 | D:8      | Killed Maggie
 20211 | Lair:4   | Reached skill level 1 in Evocations
 20461 | Lair:4   | Identified the +7 flail of Kealun {pain, *Rage rElec Dex+4}
 21132 | Lair:5   | Reached skill level 10 in Shields
 21166 | Lair:5   | Reached skill level 5 in Evocations
 21317 | Lair:5   | Reached **** piety under Fedhas
 21361 | Lair:5   | Reached XP level 14. HP: 18/97 MP: 13/19
 21690 | Lair:5   | Reached skill level 1 in Spellcasting
 21713 | Lair:5   | Identified the +0 leather armour of Hangman {rC+++ Regen+
                  | Str-5 Stlth+}
 22258 | Lair:6   | Entered Level 6 of the Lair of Beasts
 22422 | Lair:6   | Found a staircase to the Slime Pits.
 22521 | Lair:6   | Reached skill level 11 in Shields
 23257 | Lair:6   | Reached skill level 5 in Spellcasting
 23972 | D:8      | Killed Joseph
 23973 | D:8      | Reached ***** piety under Fedhas
 24006 | D:9      | Reached skill level 12 in Shields
 24355 | D:11     | Identified the +5 dagger "Ineniadgh" {pain, rElec rN+
                  | Str-5}
 24526 | D:11     | Found Gisysoa's Magic Scroll Shoppe.
 24529 | D:11     | Bought a scroll of teleportation for 39 gold pieces
 24529 | D:11     | Bought a scroll of enchant weapon for 97 gold pieces
 24529 | D:11     | Bought a scroll of teleportation for 39 gold pieces
 24565 | D:11     | Reached XP level 15. HP: 82/102 MP: 22/22
 24788 | D:12     | Found a staircase to the Orcish Mines.
 24825 | D:11     | Bought a scroll of identify for 26 gold pieces
 25511 | D:13     | Upgraded the game from 0.28-a0-1292-gb4563b27b3 to
                  | 0.28-a0-1344-g6b9ff3a05d
 25757 | D:14     | Noticed Rupert
 25757 | D:14     | Found a gate to the Vaults.
 25873 | D:13     | Learned a level 7 spell: Ozocubu's Refrigeration
 25895 | D:13     | Learned a level 4 spell: Passage of Golubria
 26348 | Orc:1    | Entered Level 1 of the Orcish Mines
 26363 | Orc:1    | Reached skill level 13 in Shields
 26436 | Orc:2    | Entered Level 2 of the Orcish Mines
 26692 | Orc:2    | Found a staircase to the Elven Halls.
 26741 | Orc:1    | Noticed Jorgrun
 26978 | Orc:2    | Found Zerghonge's Mass Market.
 27137 | Orc:2    | Found Dimekedo's Antique Weapon Boutique.
 27187 | Orc:2    | Found a radiant altar of Vehumet.
 27191 | Orc:2    | Reached ****** piety under Fedhas
 27214 | Orc:2    | Found Qaggozamn's Antique Weapon Shop.
 27217 | Orc:2    | Noticed Nergalle
 27224 | Orc:2    | Killed Nergalle
 27239 | Orc:2    | Found an ancient bone altar of Kikubaaqudgha.
 27249 | Orc:2    | Found Puepniden's Magic Scroll Shop.
 27259 | Orc:2    | Found Xurghifoarch's Jewellery Boutique.
 27279 | Orc:2    | Bought a scroll of enchant weapon for 105 gold pieces
 27279 | Orc:2    | Bought a scroll of teleportation for 42 gold pieces
 27279 | Orc:2    | Bought a scroll of teleportation for 42 gold pieces
 27849 | Orc:1    | Killed Jorgrun
 27860 | Orc:1    | Noticed an orc warlord
 27865 | Orc:1    | Paralysed by an orc sorcerer for 4 turns
 27884 | Orc:1    | Killed an orc warlord
 28008 | Orc:1    | Noticed Anuhiqid's ghost (journeyman TeBe)
 28070 | Orc:1    | Found a runed translucent door.
 28218 | Orc:1    | Found Mitimas's Magic Scroll Shoppe.
 28277 | Orc:1    | Bought a scroll of fog for 30 gold pieces
 28277 | Orc:1    | Bought a scroll of blinking for 112 gold pieces
 28277 | Orc:1    | Bought a scroll of teleportation for 45 gold pieces
 28449 | Orc:1    | Killed Anuhiqid's ghost
 28623 | Swamp:1  | Entered Level 1 of the Swamp
 28628 | Swamp:1  | Reached skill level 10 in Ice Magic
 29018 | Swamp:1  | Reached XP level 16. HP: 108/108 MP: 23/23
 29559 | Swamp:2  | Found a frozen archway.
 29575 | IceCv    | Entered an ice cave
 29834 | IceCv    | Reached skill level 14 in Shields
 30016 | IceCv    | Slain by a golden dragon simulacrum

Illustrated notes

Levels and vault maps discovered:
D:1:      minmay_arrival_shoal_huts, layout_rooms, serial_curves,
          eino_curves_04, eino_curves_01
D:2:      minmay_alternating_diamond, layout_loops_ring, uniq_sigmund
D:3:      layout_loops_corners, mainiacjoe_overflow_boulevard,
          ebering_dispersal_statue_hall
D:4:      layout_cave_pools, zin_scriptorium,
          beargit_hepliaklqana_dungeon_heroes, makhleb_blood_cavern_becter,
          minmay_temple_entry_butterflies, enter_ossuary_4,
          cheibrodos_sewer_entry_drain
D:5:      layout_loops_ring, lemuel_crystal_altar, minmay_misc_feat_diagonals,
          amcnicky_mini_corridor_feature, serial_bayou_lagoon_a
D:6:      layout_basic, nicolae_wu_jian_wuxing_cycle, grunt_dithmenos_smoke,
          uniq_edmund
D:7:      minmay_evil_eye, layout_basic
D:8:      layout_loops_ring, nicolae_overflow_crystal_walls,
          mainiacjoe_overflow_catwalk, serial_nicolae_subway,
          nicolae_sub_station_crystal, nicolae_sub_station_metal,
          nicolae_sub_station_stone, uniq_maggie, uniq_joseph
D:9:      minmay_the_grid_4x2 [minmay_the_grid_large_cup, minmay_the_grid_doors,
          minmay_the_grid_square_x, minmay_the_grid_zigzag_pyramid,
          minmay_the_grid_minigrid_small, minmay_the_grid_aliased_spiral,
          minmay_the_grid_diamond_grid, minmay_the_grid_prize_shrinking_boxes],
          layout_loops_ring, nicolae_tso_carved_into_rock, trog_hazing_becter,
          nicolae_gozag_seed_capital, gammafunk_ghost_hydra_chop,
          kennysheep_diamond, corner_web_ring
D:10:     layout_long_grid, nicolae_uskayaw_murder_on_the_dancefloor,
          erik_lair_island, serial_shops, nicolae_diamond_shop,
          minmay_door_square, introduction_to_nature_2, uniq_maurice
D:11:     layout_long_grid, serial_shops, kennysheep_mini
D:12:     layout_cave_pods, orc_0_dummy, serial_column_ruins,
          column_ruins_hut_water, column_ruins_grid_1, column_ruins_grid_3,
          column_ruins_corridor_dead_end, column_ruins_columns_straight,
          column_ruins_corridor_T
D:13:     layout_basic
D:14:     layout_roguey, david_vaults_3, eino_curves_04,
          chequers_decorated_corner
Temple:   compressed_dpeg_triangle_lava_temple
Lair:1:   layout_loops_ring
Lair:2:   layout_regular_city, spider_nest_entry_a, gauntlet_entry_generic
Lair:3:   layout_cave_shapes, swamp_mist, chequers_serial_rivers_micro_e,
          st_stairs_9
Lair:4:   layout_roguey, infiniplex_staircase_pool
Lair:5:   layout_cave_pods, bobbens_dragon_lair_wall, grunt_megastairs_2
Lair:6:   evilmike_catoblepas_cave, layout_cave_pods,
          minmay_slime_entry_pillars, serial_bayou_shore_a, lemuel_fruit_fields
Swamp:1:  layout_basic_swamp, serial_swamp_ruin, evilmike_swamp_ruin_house_6,
          evilmike_swamp_ruin_wall, hangedman_swamp_ruin_wall, swamp_pool3,
          st_swamp_ruins_1
Swamp:2:  layout_basic_swamp, portal_ice_cave_entry_pillars_2,
          lemuel_altar_in_water, swamp_pool1, uniq_frances, uniq_mlioglotl
Orc:1:    layout_caves, serial_shops, nicolae_diamond_shop,
          hellmonk_ghost_happy_afterlife, uniq_jorgrun
Orc:2:    kennysheep_orc_mage_school, layout_diamond_mine, minmay_shop_mass
IceCv:    ice_cave_statue_garden_chambered

Skill      XL: |  1  2  3  4  5  6  7  8  9 10 11 12 13 14 15 16 |
---------------+-------------------------------------------------+-----
Stealth        | 1 2 3 5 7 8 |  8.7
Polearms       | 4 5 6 7 8 10 12 13 | 13.6
Throwing       | 3 4 |  4.2
Shields        | 2 6 7 8 10 12 13 14 | 14.0
Fighting       | 3 5 7 9 |  9.5
Invocations    | 1 4 5 7 9 |  9.3
Dodging        | 4 6 9 |  9.6
Ice Magic      | 4 7 8 10 11 | 11.5
Evocations     | 5 |  5.0
Spellcasting   | 5 |  5.2

Action                   |  1- 3 |  4- 6 |  7- 9 | 10-12 | 13-15 | 16-18 || total
-------------------------+-------+-------+-------+-------+-------+-------++-------
Melee: Trident           |    75 |   134 |   127 |       |    28 |   136 ||   500
       Constrict         |    14 |    25 |    45 |    64 |   126 |     6 ||   280
       Tentacles         |     4 |    28 |    65 |   139 |   420 |    61 ||   717
       Spear             |       |       |    98 |   596 |  1070 |       ||  1764
 Fire: Hunting sling     |     4 |    17 |    17 |     7 |       |       ||    45
Throw: Dart              |     4 |    31 |    58 |    34 |    49 |    12 ||   188
       Throwing net      |       |       |     2 |     1 |     1 |       ||     4
       Javelin           |       |       |       |     1 |     1 |       ||     2
 Cast: Ozocubu's Armour  |       |       |       |     4 |    17 |     1 ||    22
Invok: Wall of Briars    |       |       |       |    19 |     5 |     1 ||    25
       Grow Ballistomyce |       |       |       |     9 |    20 |       ||    29
       Grow Oklob        |       |       |       |       |     2 |     1 ||     3
Evoke: Wand              |       |       |     1 |    27 |    12 |     5 ||    45
       Tin of tremorston |       |       |       |     2 |       |       ||     2
       Box of beasts     |       |       |       |     1 |     3 |     1 ||     5
       Phial of floods   |       |       |       |     1 |     1 |       ||     2
       Phantom mirror    |       |       |       |       |     1 |     1 ||     2
  Use: Scroll            |       |     6 |     2 |    14 |     8 |     2 ||    32
       Potion            |       |       |       |     8 |     6 |       ||    14
 Stab: Sleeping          |    12 |    18 |     9 |    10 |    22 |     3 ||    74
       Distracted        |       |     1 |     1 |     3 |     6 |       ||    11
       Held in net/web   |       |       |     1 |     7 |       |       ||     8
       Confused          |       |       |       |    10 |    21 |       ||    31
       Invisible         |       |       |       |     1 |       |       ||     1
Armor: Skin              |     7 |     3 |     4 |    16 |    25 |     4 ||    59
Dodge: Dodged            |    22 |    55 |    60 |   114 |   170 |    35 ||   456
Block: Kite shield       |       |       |    69 |   280 |       |       ||   349
       Reflection        |       |       |       |    24 |    33 |     1 ||    58
       Tower shield      |       |       |       |     2 |   796 |   140 ||   938

Table legend: (Time is in decaauts)
 A = Elapsed time spent in this place.
 B = Non-inter-level travel time spent in this place.
 C = Inter-level travel time spent in this place.
 D = Time resting spent in this place.
 E = Time spent auto-exploring this place.
 F = Levels seen in this place.
 G = Mean time per level.
                   A        B        C        D        E       F      G
               +--------+--------+--------+--------+--------+-----+--------+
         Total |  29610 |  27850 |   1760 |   5465 |  10850 |  28 | 1057.5 |
       Dungeon |  17902 |  16814 |   1088 |   4248 |   6015 |  14 | 1278.7 |
        Temple |    250 |    223 |     27 |      0 |    198 |   1 |  250.0 |
          Lair |   6495 |   6028 |    467 |    361 |   3297 |   6 | 1082.5 |
         Swamp |    912 |    862 |     50 |     70 |    428 |   2 |  456.0 |
  Orcish Mines |   2101 |   1975 |    126 |    100 |    853 |   2 | 1050.5 |
         Sewer |    777 |    777 |      0 |    146 |     24 |   1 |  777.0 |
      Ice Cave |    431 |    431 |      0 |    164 |      0 |   1 |  431.0 |
      Gauntlet |    739 |    739 |      0 |    374 |     35 |   1 |  739.0 |
               +--------+--------+--------+--------+--------+-----+--------+

Top non-repeatable levels by time:
     D:9: 3201 daAuts
     D:4: 1929 daAuts
     D:8: 1581 daAuts
    D:10: 1539 daAuts
     D:6: 1531 daAuts
  Lair:6: 1505 daAuts
     D:3: 1464 daAuts
     D:5: 1360 daAuts
     D:7: 1350 daAuts
   Orc:2: 1290 daAuts
  Lair:5: 1270 daAuts
  Lair:2: 1247 daAuts
     D:2: 1170 daAuts
  Lair:4: 968 daAuts
 Swamp:1: 854 daAuts
